 Dungeon Crawl Stone Soup version 0.31-a0-426-g3a05650e59 (webtiles) character file.

Game seed: 15653069106831286878

72 Deaus the Trooper (level 4, -2/24 HPs)
             Began as a Vine Stalker Fighter on July 30, 2023.
             Slain by Crazy Yiuf
             ... wielding a +4 quarterstaff of chaos
              (8 damage)
             ... on level 2 of the Dungeon.
             The game lasted 00:01:50 (1572 turns).

Deaus the Trooper (Vine Stalker Fighter)            Turns: 1572, Time: 00:01:51

Health: -2/24      AC:  9    Str: 21    XL:     4   Next: 25%
Magic:  0/5        EV:  7    Int:  8    God:
Gold:   112        SH:  4    Dex: 13    Spells: 3/3 levels left

rFire   . . .        a - +0 war axe
rCold   . . .        c - +0 buckler
rNeg    . . .        j - +0 chain mail
rPois   .            (no helmet)
rElec   .            (no cloak)
rCorr   .            (no gloves)
SInv    .            (no boots)
Will    .....        (no amulet) Stlth
                     (no ring)
HPRegen 1.04/turn    (no ring)
MPRegen 0.09/turn

%: guardian spirit
@: no status effects
A: fangs 2, regeneration 1, magic shield, antimagic bite, no potion heal 2
a: no special abilities


You were on level 2 of the Dungeon.
You visited 1 branch of the dungeon, and saw 2 of its levels.

You collected 112 gold pieces.

Inventory:

Hand Weapons
 a - a +0 war axe (weapon)
Armour
 c - a +0 buckler (worn)
 j - a +0 chain mail (worn)
Scrolls
 b - 2 scrolls of amnesia {unknown}
 e - a scroll of poison {unknown}
 f - a scroll of immolation {unknown}
 h - a scroll of teleportation {unknown}
 i - 2 scrolls of identify {unknown}
Potions
 d - a potion of might
 g - a potion of heal wounds {unknown}
 k - a potion of brilliance {unknown}


   Skills:
 + Level 3.3 Fighting
 + Level 2.7 Axes
 + Level 2.8 Armour
 + Level 3.0 Shields


You had 3 spell levels left.
You didn't know any spells.
Your spell library was empty.

Dungeon Overview and Level Annotations

Branches:
Dungeon (2/15)

Altars:

Annotations:
D:2 Crazy Yiuf


Innate Abilities, Weirdness & Mutations

You have extremely sharp teeth.
Your natural rate of healing is unusually fast.
When hurt, damage is shared between your health and your magic reserves.
Your bite disrupts and absorbs the magic of your enemies.
Potions cannot restore your health.


Message History

The worm closely misses you.
You slash the worm! You bite the worm, but do no damage.
The worm is severely wounded.
The worm bites you.
You barely miss the worm. Your bite misses the worm.
The worm is severely wounded.
The worm barely misses you.
You barely miss the worm. Your bite misses the worm.
The worm is heavily wounded.
The worm closely misses you.
You hit the worm.
The worm is severely wounded.
You barely miss the worm.
The worm is severely wounded.
You block the worm's attack.
You barely miss the worm. You bite the worm.
You kill the worm!
No target in view!
No target in view!
No target in view!
No target in view!
Magic restored.
You see here a worm corpse.
You see here a worm corpse.
You see here a worm corpse.
You see here a +0 kite shield.
Found 3 boomerangs.
Found a hammer.
You see here a +0 hammer.
Found a hammer.
Found a runed translucent door.
Crazy Yiuf shouts!
You open the door. You barely miss Crazy Yiuf.
Crazy Yiuf grits, "Papa!
Walk dark aubergine."
Crazy Yiuf hits you with a +4 quarterstaff of chaos.
Space warps horribly around you!!
Ouch! That really hurt!
* * * LOW HITPOINT WARNING * * *
Crazy Yiuf hits you with a +4 quarterstaff of chaos!
You die...

.......#..#...........#
#
.......##.....<..######
.......##........#
......†#.#########
.).....#.# ###
.......#.# ######## #..
.........# ###
###.#..#.## #[.
.......#.#
#...##..#......## #..
.(.....#.#
#...g@####.....(####..
.......#.# #)..###
##)#.....##..
########.# ###
####....##.> #.#
#....#### #.# #....####
#.### ########.....
#...# #..### #.####
##### ##...###.....
###..##..###


You could see Crazy Yiuf.

Vanquished Creatures
  2 adders (D:2)
  2 worms (D:2)
  2 dart slugs (D:1)
  7 endoplasms
  A giant cockroach (D:1)
  3 goblins
  2 hobgoblins (D:1)
  3 jackals (D:1)
  3 kobolds (D:1)
  2 quokkas
  7 ball pythons
  2 bats
  3 frilled lizards
39 creatures vanquished.

Notes
Turn   | Place    | Note
-------+----------+-------------------------------------------
     0 | D:1      | Deaus the Vine Stalker Fighter began the quest for the Orb.
     0 | D:1      | Reached XP level 1. HP: 11/11 MP: 2/2
    48 | D:1      | Reached XP level 2. HP: 15/16 MP: 1/3
   325 | D:1      | Reached XP level 3. HP: 20/20 MP: 4/4
  1169 | D:2      | Gained mutation: Your natural rate of healing is unusually
                  | fast. [Vine Stalker growth]
  1169 | D:2      | Reached XP level 4. HP: 24/24 MP: 5/5
  1567 | D:2      | Found a runed translucent door.
  1568 | D:2      | Noticed Crazy Yiuf
  1572 | D:2      | Slain by Crazy Yiuf

Illustrated notes

Levels and vault maps discovered:
D:1:      ncdulo_wetmaze, layout_basic, minmay_misc_feat_secret_circle,
          amcnicky_mini_corridor_feature
D:2:      layout_basic, st_stairs_2, nicolae_wormholes, uniq_crazy_yiuf_cottage

Skill      XL: |  1  2  3 |
---------------+----------+-----
Axes           | 2 |  2.7
Fighting       | 3 |  3.3
Shields        | 3 |  3.0
Armour         | |  2.8

Action                     |  1- 3 |  4- 6 || total
---------------------------+-------+-------++-------
  Melee: War axe           |    78 |    12 ||    90
         Bite              |    15 |     4 ||    19
 Armour: Scale mail        |    23 |       ||    23
         Chain mail        |     5 |     2 ||     7
  Dodge: Dodged            |    37 |     3 ||    40
  Block: Buckler           |    19 |     1 ||    20

Table legend: (Time is in decaauts)
 A = Elapsed time spent in this place.
 B = Non-inter-level travel time spent in this place.
 C = Inter-level travel time spent in this place.
 D = Time resting spent in this place.
 E = Time spent auto-exploring this place.
 F = Levels seen in this place.
 G = Mean time per level.
                   A        B        C        D        E       F      G
               +--------+--------+--------+--------+--------+-----+--------+
         Total |   1616 |   1593 |     23 |      0 |   1333 |   2 |  808.0 |
       Dungeon |   1616 |   1593 |     23 |      0 |   1333 |   2 |  808.0 |
               +--------+--------+--------+--------+--------+-----+--------+

Top non-repeatable levels by time:
     D:1: 947 daAuts
     D:2: 669 daAuts
